 Dungeon Crawl Stone Soup version 0.25-a0-737-g26c3a87c45 (webtiles) character file.

Game seed: 2257177720195310872, levelgen mode: deterministic

29 Froggeryz the Cudgeler (level 3, -1/21 HPs)
             Began as a Gargoyle Wanderer on Apr 12, 2020.
             Slain by a worm (8 damage)
             ... on level 2 of the Dungeon.
             The game lasted 00:01:35 (1505 turns).

Froggeryz the Cudgeler (Gargoyle Wanderer)          Turns: 1505, Time: 00:01:36

Health: -1/21      AC:  6    Str: 17    XL:     3   Next: 16%
Magic:  3/3        EV:  9    Int:  9    God:
Gold:   50         SH:  8    Dex: 11    Spells: 2/2 levels left

rFire    . . .     SeeInvis .   a - +0 club
rCold    . . .     Gourm    .   e - +0 kite shield
rNeg     + . .     Faith    .   h - +0 leather armour
rPois    ∞         Spirit   .   (no helmet)
rElec    +         Reflect  .   (no cloak)
rCorr    .         Harm     .   (no gloves)
MR       .....                  (no boots)
Stlth    +.........             (no amulet)
HPRegen  0.07/turn              (no ring)
MPRegen  0.08/turn              (no ring)

@: no status effects
A: negative energy resistance 1, electricity resistance, unbreathing,
petrification resistance, rot immunity, AC +3
a: no special abilities


You were on level 2 of the Dungeon.
You were not hungry.

You visited 1 branch of the dungeon, and saw 2 of its levels.

You collected 50 gold pieces.

Inventory:

Hand Weapons
 a - a +0 club (weapon)
Armour
 e - a +0 kite shield (worn)
 h - a +0 leather armour (worn)
Scrolls
 c - 2 scrolls of teleportation
 g - 2 scrolls of identify {unknown}
 j - a scroll of fog {unknown}
Potions
 b - a potion of curing
 i - a potion of cancellation {unknown}
Comestibles
 f - a ration


   Skills:
 - Level 2.1 Fighting
 * Level 2.5 Maces & Flails
 - Level 1.1 Armour
 - Level 1.5 Dodging
 + Level 2.0 Shields
 - Level 2.0 Unarmed Combat
   Level 1.0 Evocations


You had 2 spell levels left.
You didn't know any spells.
Your spell library was empty.

Dungeon Overview and Level Annotations

Branches:
Dungeon (2/15)

Altars:


Innate Abilities, Weirdness & Mutations

You are resistant to torment.
Your stone body is resilient. (AC +3)
You are immune to poison.
You resist negative energy. (rN+)
You are resistant to electric shocks. (rElec)
You can survive without breathing.
You are immune to petrification.
You are immune to rotting.


Message History

You hit the worm but do no damage.
The worm is moderately wounded.
You hit the worm.
The worm is moderately wounded.
The worm bites you.
You hit the worm.
The worm is heavily wounded.
The worm closely misses you.
You hit the worm.
The worm is heavily wounded.
You block the worm's attack.
You hit the worm.
The worm is severely wounded.
You hit the worm.
The worm is almost dead.
The worm bites you.
You hit the worm but do no damage.
The worm is severely wounded.
The worm bites you!
You die...

#........##<#.......####
#.###.#..##.#.........##
##.###.#####.#.......#.##
#......#####.###....##.##
#..###.......# #[........
... #.###############.##
. #.# ..<..# #.#
#.###†.>..# #.#
#..@w.....# #.#
#.....##..[..# #.#
#..##### .....# ..# [..
###### ### #


You could see a worm.

Vanquished Creatures
  A dart slug (D:1)
  A leopard gecko (D:2)
  6 hobgoblins (D:1)
  2 jackals (D:1)
  A quokka (D:2)
  4 bats (D:1)
  2 frilled lizards (D:1)
  3 goblins (D:1)
  2 kobolds (D:1)
  3 rats (D:1)
25 creatures vanquished.

Notes
Turn   | Place    | Note
-------+----------+-------------------------------------------
     0 | D:1      | Froggeryz the Gargoyle Wanderer began the quest for the
                  | Orb.
     0 | D:1      | Froggeryz set off with the following items: a +0 club, a
                  | potion of curing, a scroll of teleportation, a +0 robe, a
                  | +0 kite shield, a ration
     0 | D:1      | Reached XP level 1. HP: 12/12 MP: 1/1
   404 | D:1      | Reached XP level 2. HP: 8/17 MP: 2/2
  1165 | D:1      | Reached XP level 3. HP: 11/21 MP: 3/3
  1505 | D:2      | Slain by a worm

Levels and vault maps discovered:
D:1:      psy_arrival_fountain, layout_basic
D:2:      kennysheep_the_goblin_king, layout_loops_cross, marbit_many_paths

Skill      XL: |  1  2  3 |
---------------+----------+-----
Maces & Flails | 2 |  2.5
Shields        | 2 |  2.0
Fighting       | |  2.1
Armour         | |  1.1
Dodging        | |  1.5
Unarmed Combat | |  2.0
Evocations     | |  1.0

Action                   || total
-------------------------++-------
Melee: Club              ||   134
  Eat: Chunk             ||     2
Armor: Robe              ||     8
       Leather armour    ||    31
Dodge: Dodged            ||    58
Block: Kite shield       ||    71

Table legend:
 A = Non-vault XP
 B = Vault XP
 C = Vault XP percentage of total XP
 D = Non-vault monster count
 E = Vault monster count
 F = Vault count percentage of total count
                 A         B        C        D         E       F
            +---------+---------+-------+---------+---------+-------
      Total |      42 |       0 |   0.0 |      25 |       0 |   0.0
            +---------+---------+-------+---------+---------+-------
        D:1 |      37 |       0 |   0.0 |      23 |       0 |   0.0
        D:2 |       5 |       0 |   0.0 |       2 |       0 |   0.0
            +---------+---------+-------+---------+---------+-------
